 Dungeon Crawl Stone Soup version 0.22.1-1-ga44c0e56f4 (webtiles) character file.

67 ryzomster the Insei (level 4, -6/28 HPs)
             Began as an Octopode Transmuter on Oct 3, 2018.
             Mangled by an ogre
             ... wielding a +0 giant club
              (34 damage)
             ... on level 3 of the Dungeon.
             The game lasted 00:18:54 (2793 turns).

ryzomster the Insei (Octopode Transmuter)           Turns: 2793, Time: 00:18:54

Health: -6/28      AC:  1    Str:  9    XL:     4   Next: 18%
Magic:  6/8        EV: 13    Int: 16    God:
Gold:   167        SH:  3    Dex: 12    Spells: 5/8 levels left

rFire    . . .     SeeInvis .   o - staff of wizardry
rCold    . . .     Gourm    .   (no shield)
rNeg     . . .     Faith    .   (helmet restricted)
rPois    .         Spirit   .   s - +3 amulet of reflection
rElec    .         Reflect  +   (no ring)
rCorr    .         Harm     .   (no ring)
MR       .....                  (no ring)
Stlth    ++........             (no ring)
HPRegen  0.09/turn              (no ring)
MPRegen  0.11/turn              (no ring)
                                (no ring)
                                (no ring)

@: no status effects
A: almost no armour, stealthy swim, amphibious, 8 rings, constrict 8, camouflage
1, gelatinous body 1
a: no special abilities


You were on level 3 of the Dungeon.
You were not hungry.

You visited 1 branch of the dungeon, and saw 3 of its levels.

You collected 167 gold pieces.

Inventory:

Hand Weapons
 f - a +0 dagger
 l - a +1 whip of electrocution
 p - a +0 short sword
 q - a +0 dagger
 t - a cursed +0 club
 u - a cursed -2 dagger
 v - a +0 club
 w - a +0 dagger
 x - a +0 whip
Missiles
 a - 2 arrows
 b - 73 sling bullets
 d - 57 stones (quivered)
 C - 16 bolts
Armour
 c - a +0 leather armour
 i - a +0 leather armour
 k - a +0 chain mail
 n - a +0 helmet
 y - a cursed -1 scale mail
 z - a +0 ring mail
 B - a +0 leather armour
Magical Staves
 o - an uncursed staff of wizardry (weapon)
Jewellery
 s - a +3 amulet of reflection (around mantle)
Wands
 g - a wand of iceblast (7)
Scrolls
 e - 2 scrolls of identify
 h - 2 scrolls of random uselessness {unknown}
 j - 2 scrolls of teleportation {unknown}
 r - a scroll of remove curse {unknown}
Comestibles
 m - 3 rations
 A - 2 chunks of flesh


   Skills:
 + Level 1.3 Fighting
 + Level 0.2 Staves
 + Level 0.3 Throwing
 + Level 2.3 Dodging
 + Level 0.4 Stealth
 + Level 3.7 Unarmed Combat
 + Level 2.7 Spellcasting
 + Level 2.2 Transmutations


You had 5 spell levels left.
You knew the following spells:

 Your Spells              Type           Power        Failure   Level  Hunger
a - Beastly Appendage     Tmut           #.....       3%          1    #......
b - Sticks to Snakes      Tmut           #.......     4%          2    ##.....

Your spell library contained the following spells:

 Spells                   Type           Power        Failure   Level  Hunger
 Spider Form              Tmut/Pois      #.........   16%         3    ###....
 Ice Form                 Ice/Tmut       #.......     43%         4    #####..
 Blade Hands              Tmut           #.........   61%         5    ######.


Dungeon Overview and Level Annotations

Branches:
Dungeon (3/15)

Altars:
Zin


Innate Abilities, Weirdness & Mutations

You cannot wear most types of armour.
You are very stealthy in the water. (Stealth+)
You are amphibious.
You can wear up to eight rings at the same time.
You can use your tentacles to constrict eight enemies at once.
Your skin changes colour to match your surroundings (Stealth+).
Your rubbery body absorbs attacks. (AC +1, EV +1)


Message History

An orc comes into view. It is wielding a dagger.
Your ball python bites the ogre.
The ogre barely misses your ball python.
Your ball python bites the ogre.
The ogre barely misses your ball python.
Your ball python barely misses the ogre.
Your ball python bites the ogre.
The ogre hits your ball python with a giant club!!
Your ball python dies!
Throwing (i - inventory)
d - 58 stones (quivered)
Press: ? - help, Shift-Dir - straight line, f - ogre
Aim: an ogre, wielding a giant club (lightly wounded)
You throw a stone.
The stone hits the ogre but does no damage.
The ogre is lightly wounded.
You hit the ogre. You squeeze the ogre.
The ogre is heavily wounded.
The ogre hits you with a giant club!!
Ouch! That really hurt!
You die...

.. #...# #.#
.....###.#
...........#
........###.###
....#.........#
.........##.###
##.. #.#
##...##.###
.....(O@..#
##..o##.###
........#
#...##..# ..
#..# # #..#
#..# #..# #..#


You could see an ogre and an orc.

Vanquished Creatures
  2 adders (D:2)
  3 dart slugs
  A worm (D:2)
  A leopard gecko (D:1)
  2 bats
  4 giant cockroaches
  6 goblins
  2 hobgoblins
  3 jackals (D:1)
  7 frilled lizards
  4 kobolds (D:1)
  4 rats
39 creatures vanquished.

Vanquished Creatures (collateral kills)
  A kobold (D:1)
1 creature vanquished.

Grand Total: 40 creatures vanquished

Notes
Turn   | Place    | Note
-------+----------+-------------------------------------------
     0 | D:1      | ryzomster the Octopode Transmuter began the quest for the
                  | Orb.
     0 | D:1      | Reached XP level 1. HP: 13/13 MP: 3/3
   708 | D:1      | Reached XP level 2. HP: 4/18 MP: 5/5
  1236 | D:2      | Found a glowing silver altar of Zin.
  1392 | D:2      | Reached XP level 3. HP: 21/23 MP: 6/6
  1419 | D:2      | Learned a level 2 spell: Sticks to Snakes
  1978 | D:1      | Reached XP level 4. HP: 15/28 MP: 3/8
  2785 | D:3      | Noticed an ogre
  2793 | D:3      | Mangled by an ogre

Action                   |  1- 3 |  4- 6 || total
-------------------------+-------+-------++-------
Melee: Unarmed           |    19 |       ||    19
       Constrict         |    23 |     2 ||    25
       Tentacles         |    12 |     1 ||    13
       Dagger            |    13 |       ||    13
       Punch             |     1 |       ||     1
       Staff             |    42 |    12 ||    54
Throw: Stone             |    40 |    13 ||    53
 Cast: Beastly Appendage |     2 |       ||     2
       Sticks to Snakes  |     5 |     5 ||    10
  Use: Potion            |     2 |       ||     2
       Scroll            |     2 |       ||     2
 Stab: Sleeping          |     1 |       ||     1
  Eat: Ration            |     2 |       ||     2
Armor: Skin              |    10 |     1 ||    11
Dodge: Dodged            |    47 |     8 ||    55
Block: Other             |     2 |     3 ||     5
       Reflection        |       |     1 ||     1
